[Event "Team 45 45 League T45"]
[Site "Internet Chess Club"]
[Date "2010.05.29"]
[Round "4"]
[White "Theodulf"]
[Black "John3v16"]
[Result "0-1"]
[WhiteElo "1608"]
[BlackElo "1690"]
[Opening "Sicilian: Alapin's variation (2.c3)"]
[ECO "B22"]
[Time "08:01:09"]
[TimeControl "2700+45"]

1. e4 c5 2. c3 d5 3. exd5 Qxd5 4. d4 Nf6 5. Nf3 Nc6 6. c4 Qd6 7. Be3 cxd4 8.
Nxd4 e5 9. Nxc6 Qxd1+ 10. Kxd1 bxc6 11. h3 Bf5 12. Be2 Ne4 13. a3 O-O-O+ 14. Kc1
Bc5 15. Bg4 Bxg4 16. hxg4 Nxf2 17. Bxf2 Bxf2 18. Rf1 Be3+ 19. Kc2 f6 20. Re1 Bf4
21. Re2 Rd4 22. b3 Rhd8 23. a4 Rd1 24. Kb2 e4 25. Nc3 R1d2+ 26. Ka3 e3 27. Rf1
Bd6+ 28. b4 Rd3 29. Kb3 Be5 30. Rc1 g5 31. b5 c5 32. a5 R8d4 33. a6 Kb8 34. Rb2
Rd2 35. Rxd2 Rxd2 36. Ne4 Rxg2 37. Re1 Bd4 38. Nxf6 Rb2+ 39. Ka3 Bxf6 40. Rxe3
Rd2 41. Re6 Bd8 42. Re5 Rd4 43. Kb3 Rxg4 44. Rxc5 Rd4 45. Rf5 g4 46. Kc3 Rd1 47.
Kc2 Rd7 48. Kc3 g3 49. Rf3 Bc7 50. Rf8+ Rd8 51. Rf7 Rg8 52. Rf1 g2 {White
resigns} 0-1

[Event "Team 45 45 League T45"]
[Site "Internet Chess Club"]
[Date "2010.05.29"]
[Round "4"]
[White "Timotheous"]
[Black "allanchs"]
[Result "1-0"]
[WhiteElo "1683"]
[BlackElo "1515"]
[Opening "English: Bremen, reverse dragon"]
[ECO "A22"]
[Time "12:00:24"]
[TimeControl "2700+45"]

1. c4 e5 2. Nc3 Nf6 3. g3 d5 4. cxd5 Nxd5 5. Bg2 Be6 6. Nf3 Nc6 7. O-O Be7 8. d4
exd4 9. Nxd4 Nxc3 10. bxc3 Nxd4 11. cxd4 c6 12. a4 O-O 13. Rb1 Qd7 14. Bf4 b6
15. Rc1 Rac8 16. e4 Bh3 17. Bxh3 Qxh3 18. Qf3 Rfd8 19. Be3 Qe6 20. Rfd1 Qb3 21.
Kg2 Ba3 22. Ra1 Bb2 23. Rab1 Qc2 24. Qg4 Rc7 25. Bh6 g6 26. Qf4 {Black resigns}
1-0

[Event "Team 45 45 League T45"]
[Site "Internet Chess Club"]
[Date "2010.05.29"]
[Round "4"]
[White "jacknor"]
[Black "Skyler"]
[Result "0-1"]
[WhiteElo "1511"]
[BlackElo "1382"]
[Opening "Sicilian: Grand Prix attack"]
[ECO "B23"]
[Time "12:03:37"]
[TimeControl "2700+45"]

1. e4 c5 2. Nc3 Nc6 3. f4 g6 4. Nf3 Bg7 5. Bb5 e6 6. O-O Nge7 7. Qe1 O-O 8. Qh4
d5 9. Bxc6 bxc6 10. e5 Ba6 11. d3 c4 12. d4 Qc7 13. Qe1 c5 14. dxc5 Qxc5+ 15.
Be3 Qc6 16. Nd4 Qb7 17. Rb1 Nc6 18. Rf3 Nxd4 19. Bxd4 Qd7 20. g4 f6 21. Rh3 fxe5
22. fxe5 Rf4 23. Qd2 Rxg4+ 24. Kh1 Rf8 25. Re1 Rff4 26. Be3 Rh4 27. Rxh4 Rxh4
28. Bf4 d4 29. Ne2 d3 30. Ng3 Qb7+ 31. Kg1 dxc2 32. Rc1 Qxb2 33. Qd8+ Bf8 34.
Qxh4 Qd4+ 35. Kg2 Bb7+ 36. Kh3 Qf2 37. Kg4 Bf3+ 38. Kg5 Be7+ {White resigns} 0-1

[Event "Team 45 45 League T45 u"]
[Site "Internet Chess Club"]
[Date "2010.05.29"]
[Round "4"]
[White "itai-ron"]
[Black "andrew28"]
[Result "0-1"]
[WhiteElo "1616"]
[BlackElo "1722"]
[Opening "Grünfeld: 5.e3"]
[ECO "D94"]
[Time "15:41:24"]
[TimeControl "2700+45"]

1. d4 Nf6 2. c4 g6 3. Nc3 Bg7 4. Nf3 d5 5. e3 O-O 6. cxd5 Nxd5 7. Bc4 Nxc3 8.
bxc3 c5 9. O-O Qc7 10. Qd3 Rd8 11. Ba3 b6 12. Bb3 Bb7 13. e4 Nc6 14. Qc4 e6 15.
Rad1 a5 16. dxc5 Ba6 17. cxb6 Qxb6 18. Rxd8+ Rxd8 19. Bc5 Qb7 20. Qa4 Bxf1 21.
Kxf1 Qd7 22. g3 Bxc3 23. Kg2 Ne5 24. Nxe5 Qxa4 25. Bxa4 Bxe5 26. Bb6 Rd2 27. Bb3
Bc3 28. Be3 Rd8 29. Bh6 Bd2 30. Bxd2 Rxd2 31. Kf3 a4 32. Bxa4 Rxa2 33. Bb3 Ra3
{White resigns} 0-1

[Event "Team 45 45 League T45"]
[Site "Internet Chess Club"]
[Date "2010.05.31"]
[Round "4"]
[White "Andressa"]
[Black "ticopatzer"]
[Result "0-1"]
[WhiteElo "1542"]
[BlackElo "1609"]
[Opening "Four knights: Italian variation"]
[ECO "C47"]
[Time "18:07:34"]
[TimeControl "2700+45"]

1. e4 e5 2. Nf3 Nc6 3. Nc3 Nf6 4. Bc4 Nxe4 5. O-O Nxc3 6. dxc3 Be7 7. Re1 d6 8.
g3 O-O 9. h4 Bg4 10. Bd5 Qd7 11. Qd3 Rae8 12. Be4 f5 13. Bd5+ Kh8 14. Qc4 e4 15.
Ng5 Bxg5 16. Bxg5 Ne5 17. Kg2 Nxc4 {White resigns} 0-1

[Event "Team 45 45 League T45"]
[Site "Internet Chess Club"]
[Date "2010.05.28"]
[Round "4"]
[White "shamos1"]
[Black "acejackace"]
[Result "0-1"]
[WhiteElo "1348"]
[BlackElo "1395"]
[Opening "English opening"]
[ECO "A10"]
[Time "07:30:20"]
[TimeControl "2700+45"]

1. c4 g6 2. Nc3 Bg7 3. g3 d6 4. Bg2 Nd7 5. Nf3 c6 6. O-O Qc7 7. d3 h6 8. Rb1 a6
9. Bd2 e5 10. e4 Ngf6 11. Ne1 O-O 12. Qc1 Kh7 13. h3 Nc5 14. g4 Ne6 15. Nf3 g5
16. Be3 Nf4 17. Qd1 Nxg2 18. Kxg2 Be6 19. d4 Bxc4 20. Rh1 exd4 21. Bxd4 b5 22.
Qc2 Kg8 23. b3 Be6 24. Rbd1 Rac8 25. a4 b4 26. Ne2 a5 27. Ng3 Qb7 28. Nf5 Bxf5
29. exf5 c5 30. Bb2 d5 31. Bxf6 Bxf6 32. Rxd5 Qxd5 {White resigns} 0-1

[Event "Team 45 45 League T45"]
[Site "Internet Chess Club"]
[Date "2010.05.31"]
[Round "4"]
[White "David2500"]
[Black "eyalki"]
[Result "0-1"]
[WhiteElo "1527"]
[BlackElo "1388"]
[Opening "Scotch gambit"]
[ECO "C44"]
[Time "15:00:19"]
[TimeControl "2700+45"]

1. e4 e5 2. Nf3 Nc6 3. d4 exd4 4. Bc4 h6 5. O-O Nf6 6. Nxd4 Bc5 7. Nxc6 bxc6 8.
Nc3 O-O 9. Re1 d6 10. Be3 Bb4 11. Bd2 Bg4 12. f3 Bh5 13. a3 Bc5+ 14. Be3 Bb6 15.
Qd2 Nh7 16. Rad1 Ng5 17. Bxb6 axb6 18. Kf2 Qf6 19. Qe3 Rfe8 20. Qd4 Re5 21. Re3
Rae8 22. Rde1 Bxf3 23. Rxf3 Nxf3 24. gxf3 Qh4+ 25. Ke2 Qxh2+ 26. Qf2 Qxf2+ 27.
Kxf2 d5 28. Bd3 dxe4 29. Rxe4 Rxe4 30. Bxe4 c5 31. Nd5 Rd8 32. Nxc7 Rd1 33. b3
g5 34. a4 Kg7 35. Na8 Rd6 36. Kg3 f6 37. Kg4 Rd8 38. Nxb6 Rh8 39. Kh5 Rd8 40.
Bd3 Rd4 41. Be4 f5 42. c3 fxe4 43. Kg4 e3+ 44. Kg3 Rd2 45. Nc4 Kf6 46. Nxe3 Rd3
47. Ng4+ Kf5 48. Nxh6+ Kg6 49. Ng4 Rxc3 50. Ne5+ Kf5 51. Nd7 g4 52. a5 Rxf3+ 53.
Kg2 Rxb3 54. Nxc5 Rb5 55. Nd3 Rxa5 56. Nb4 Ra4 57. Nd5 Ra5 58. Nb4 Kf4 59. Nd3+
Ke4 60. Nf2+ Kf4 61. Nd3+ Kg5 62. Nb4 Rb5 63. Nd3 Rd5 64. Nb4 Rd2+ 65. Kg3 Rb2
66. Nd5 Rb3+ 67. Kg2 Kh4 68. Nf4 Rb2+ 69. Kf1 Kg3 70. Nd3 Ra2 71. Ne5 Kf4 72.
Nd3+ Ke3 73. Ne5 g3 74. Kg1 Kf4 75. Nd3+ Kg4 76. Ne1 Ra1 77. Kg2 Kh4 78. Nf3+
Kg4 79. Ne1 Ra2+ 80. Kg1 Kf4 81. Nd3+ Ke3 82. Ne1 Ke2 83. Ng2 Ra1+ 84. Ne1 Kxe1
{White resigns} 0-1

[Event "Team 45 45 League T45"]
[Site "Internet Chess Club"]
[Date "2010.05.28"]
[Round "4"]
[White "fishhead"]
[Black "Dolphin"]
[Result "1-0"]
[WhiteElo "2240"]
[BlackElo "1679"]
[Opening "King's pawn opening"]
[ECO "B07"]
[Time "15:07:49"]
[TimeControl "2700+45"]

1. e4 d6 2. f4 g6 3. Nf3 Bg7 4. d4 Nf6 5. Bd3 O-O 6. Be3 Bg4 7. h3 Bxf3 8. Qxf3
Nc6 9. Nc3 Nb4 10. O-O-O Nxd3+ 11. Rxd3 c6 12. e5 Ne8 13. h4 dxe5 14. dxe5 Qc8
15. h5 Nc7 16. h6 Bh8 17. Rhd1 f5 18. Rd7 Re8 19. g4 e6 20. gxf5 exf5 21. R1d6
Ne6 22. Nd5 cxd5 23. Qxd5 {Black resigns} 1-0

[Event "Team 45 45 League T45"]
[Site "Internet Chess Club"]
[Date "2010.05.27"]
[Round "4"]
[White "RayF"]
[Black "tightfist"]
[Result "1-0"]
[WhiteElo "1681"]
[BlackElo "1530"]
[Opening "Dutch defense"]
[ECO "A84"]
[Time "22:00:07"]
[TimeControl "2700+45"]

1. d4 f5 2. c4 Nf6 3. Nf3 e6 4. Bg5 h6 5. Bf4 d6 6. Nc3 Be7 7. g3 Nh5 8. Be3 O-O
9. Bg2 f4 10. Bc1 fxg3 11. hxg3 Nf6 12. Nh4 Qe8 13. Qd3 c6 14. Ng6 Rf7 15. Bf4
Nbd7 16. O-O-O e5 17. dxe5 dxe5 18. Be3 Ng4 19. Nxe7+ Qxe7 20. Bf3 Nxe3 21. Qxe3
Qc5 22. Qxc5 Nxc5 23. Rd8+ Rf8 24. Rxf8+ Kxf8 25. Rh5 Nd7 26. Ne4 Ke7 27. Bg4 b6
28. Bxd7 Bxd7 29. Rxe5+ Kf7 30. Kd2 Be6 31. b3 Rd8+ 32. Ke3 Rd1 33. Nc3 Rc1 34.
Kd3 Kf6 35. Rh5 Rf1 36. Rh2 Ra1 37. e4 Bg4 38. f3 Be6 39. Rd2 Rf1 40. Ke3 Rc1
41. Ne2 Re1 42. Rd6 Ke7 43. c5 Bd7 44. Rd4 b5 45. Rd6 b4 46. e5 Ra1 47. Nf4 Rxa2
48. Ng6+ Kf7 49. Rxd7+ Kxg6 50. Rd6+ Kf7 51. Rxc6 Ra1 52. Kd4 a5 53. Rc7+ Kf8
54. e6 Rd1+ 55. Kc4 Re1 56. Rf7+ Ke8 57. c6 Rxe6 58. c7 Rc6+ 59. Kb5 Rc3 60.
Rxg7 Kf8 61. Rd7 Ke8 62. Rd8+ Ke7 63. c8=Q Rxc8 64. Rxc8 Kd7 65. Rh8 {Black
resigns} 1-0

[Event "Team 45 45 League T45"]
[Site "Internet Chess Club"]
[Date "2010.05.29"]
[Round "4"]
[White "Aquaman"]
[Black "carambola"]
[Result "1-0"]
[WhiteElo "1230"]
[BlackElo "1333"]
[Opening "Réti: King's Indian attack"]
[ECO "A08"]
[Time "15:00:28"]
[TimeControl "2700+45"]

1. Nf3 d5 2. g3 c5 3. Bg2 g6 4. O-O Bg7 5. d3 Nf6 6. c3 Bf5 7. a4 e6 8. h3 h5 9.
Nbd2 Nc6 10. Re1 O-O 11. Nf1 e5 12. Bg5 e4 13. dxe4 dxe4 14. Nh4 Qxd1 15. Raxd1
Rfc8 16. Nxf5 gxf5 17. Ne3 Ne7 18. Nc4 b6 19. f3 Ned5 20. fxe4 fxe4 21. Nd6 Rd8
22. Nxe4 Rab8 23. Nxf6+ Nxf6 24. Bf3 Rxd1 25. Rxd1 Rc8 26. Bxf6 Bxf6 27. Bxh5
Bg5 28. Rd7 Rf8 29. Rxa7 Bc1 30. b3 Bb2 31. c4 Bd4+ 32. Kg2 f5 33. Kf3 Be5 34.
Re7 Bd6 35. Re8 Rxe8 36. Bxe8 Kg7 37. h4 Be5 38. g4 fxg4+ 39. Kxg4 Kf6 40. e4
Bd4 41. h5 Ke5 42. Bg6 Kf6 43. Kf4 Be5+ 44. Kg4 Ke7 45. Kf5 Kd6 46. h6 Bh8 47.
Bf7 Be5 48. Kg6 Ke7 49. Bd5 Bh8 50. h7 Bd4 51. Kf5 Kd6 52. Kg6 Ke7 53. Kf5 Kf8
54. e5 Kg7 55. Bg8 Bf2 56. e6 Bh4 57. Ke5 Bd8 58. Kd6 Bf6 59. e7 Bxe7+ 60. Kxe7
{Black resigns} 1-0

[Event "Team 45 45 League T45"]
[Site "Internet Chess Club"]
[Date "2010.05.31"]
[Round "4"]
[White "Grenadier"]
[Black "tourettes"]
[Result "1-0"]
[WhiteElo "1695"]
[BlackElo "1507"]
[Opening "Sicilian: closed"]
[ECO "B23"]
[Time "08:05:52"]
[TimeControl "2700+45"]

1. e4 c5 2. Nc3 d6 3. f4 Nc6 4. Nf3 e6 5. Bc4 a6 6. a4 Nge7 7. d3 Ng6 8. O-O Be7
9. Qe2 O-O 10. Bd2 Bf6 11. Rab1 b6 12. Kh1 Bb7 13. Qd1 Qc7 14. f5 exf5 15. Nd5
Qd8 16. exf5 Nge5 17. Nxf6+ Qxf6 18. Bc3 Qd8 19. Bd5 Nxf3 20. Rxf3 Qc7 21. Rg3
Ne5 22. Bxe5 dxe5 23. Qg4 g6 24. fxg6 hxg6 25. Qxg6+ {Black resigns} 1-0

[Event "Team 45 45 League T45"]
[Site "Internet Chess Club"]
[Date "2010.06.01"]
[Round "4"]
[White "MarkNY"]
[Black "GoIrish"]
[Result "0-1"]
[WhiteElo "1770"]
[BlackElo "1562"]
[Opening "Alekhine's defense: four pawns attack, fianchetto variation"]
[ECO "B03"]
[Time "21:43:24"]
[TimeControl "2700+45"]

1. e4 Nf6 2. e5 Nd5 3. d4 d6 4. c4 Nb6 5. f4 g6 6. Nf3 Bg7 7. Be2 O-O 8. O-O
dxe5 9. fxe5 Nc6 10. Nc3 Bg4 11. Be3 a5 12. Qd2 a4 13. Rad1 Na5 14. b3 axb3 15.
axb3 Nxb3 16. Qb2 Na5 17. Qb4 Nc6 18. Qb2 Qb8 19. h3 Bxf3 20. Rxf3 Na4 21. Nxa4
Rxa4 22. Rdf1 Qa8 23. Qb5 Rb4 24. Qd5 e6 25. Qd7 Qe8 26. Rxf7 Qxd7 27. Rxd7
Rxf1+ 28. Kxf1 Rb3 29. Kf2 Rb2 30. Rxc7 Na5 31. Kf3 Rb3 32. g4 Bh6 33. Rc8+ Kf7
34. Rc7+ Ke8 35. Rxh7 Bxe3 36. d5 exd5 37. cxd5 Bc5+ 38. Kf4 Re3 39. Bb5+ Kf8
40. e6 b6 41. h4 Re1 42. Rd7 Nb3 43. Kg5 Nd4 44. Bd3 Nf3+ 45. Kf6 Bd4+ 46. Kxg6
Ne5+ 47. Kf5 Nxd7 48. exd7 Ke7 49. Bb5 Re5+ 50. Kg6 Rxd5 51. Bc4 Rxd7 52. Kf5
Rc7 53. Bg8 Rc5+ 54. Ke4 Bf2 55. h5 Rg5 56. Kf4 Rxg8 57. g5 {White resigns} 0-1

[Event "Team 45 45 League T45"]
[Site "Internet Chess Club"]
[Date "2010.06.01"]
[Round "4"]
[White "Kingangyal"]
[Black "vollmerj"]
[Result "1/2-1/2"]
[WhiteElo "1486"]
[BlackElo "1687"]
[Opening "Dutch"]
[ECO "A80"]
[Time "15:13:22"]
[TimeControl "2700+45"]

1. d4 f5 2. Bf4 d6 3. Nf3 g6 4. h4 Nf6 5. e3 Bg7 6. Nc3 O-O 7. Qd2 Nbd7 8. Bc4+
Kh8 9. O-O-O c6 10. Ng5 d5 11. Bd3 Nb6 12. f3 Nc4 13. Bxc4 dxc4 14. Be5 Nd5 15.
Bxg7+ Kxg7 16. e4 fxe4 17. Ngxe4 Qa5 18. Kb1 Bf5 19. Rde1 Bxe4 20. Rxe4 Nxc3+
21. Qxc3 Qxc3 22. bxc3 Rf7 23. Rhe1 Kf8 24. a4 Rd8 25. Re5 Rd5 26. Ka2 Ke8 27.
Rb1 Rxe5 28. dxe5 e6 29. Rb4 Rf5 30. Rxb7 Rxe5 31. Rxh7 Re2 32. g4 Rxc2+ 33. Kb1
Rxc3 34. Rxa7 Rxf3 35. Rc7 Ra3 36. Rxc6 Rxa4 37. Rxe6+ Kf7 38. Re4 Kf6 39. Kc2
Ra2+ 40. Kc3 Rh2 41. g5+ Kf5 42. Rxc4 Rg2 43. Kd3 Rg3+ 44. Ke2 Ra3 45. Kf2 Rb3
{Game drawn by mutual agreement} 1/2-1/2

[Event "Team 45 45 League T45"]
[Site "Internet Chess Club"]
[Date "2010.05.29"]
[Round "4"]
[White "crankn8tr"]
[Black "Esslinger"]
[Result "0-1"]
[WhiteElo "1434"]
[BlackElo "1421"]
[Opening "Scandinavian (center counter) defense"]
[ECO "B01"]
[Time "13:02:38"]
[TimeControl "2700+45"]

1. e4 d5 2. exd5 Qxd5 3. Nc3 Qa5 4. d4 Nf6 5. Bd2 Qb6 6. Nf3 Bg4 7. h3 Bh5 8. g4
Bg6 9. Ne5 Nbd7 10. Nxg6 hxg6 11. Bg2 e6 12. Be3 Qxb2 13. Na4 Qb4+ 14. c3 Qc4
15. Qc2 Nd5 16. Nb2 Qxc3+ 17. Qxc3 Nxc3 18. Nd3 O-O-O 19. Kd2 Nd5 20. Bxd5 exd5
21. Rab1 Bd6 22. Bf4 Nb6 23. Ne5 Bxe5 24. Bxe5 Nc4+ 25. Kd3 Nxe5+ 26. dxe5 Rde8
27. Kd4 c6 28. a4 f6 29. exf6 Re4+ 30. Kd3 gxf6 31. Rbe1 Rxe1 32. Rxe1 Rxh3+ 33.
Kd4 Kd7 {White resigns} 0-1

[Event "Team 45 45 League T45"]
[Site "Internet Chess Club"]
[Date "2010.05.29"]
[Round "4"]
[White "NFork"]
[Black "Terte"]
[Result "1-0"]
[WhiteElo "2281"]
[BlackElo "2050"]
[Opening "Trompowsky attack (Ruth, Opocenský opening)"]
[ECO "A45"]
[Time "03:08:39"]
[TimeControl "2700+45"]

1. d4 Nf6 2. Bg5 Ne4 3. Bf4 d5 4. e3 Bf5 5. c4 e6 6. Qb3 Nd7 7. Nc3 g5 8. Bg3
Nxg3 9. hxg3 dxc4 10. Qxb7 Rb8 11. Qxa7 Rxb2 12. Bxc4 Bb4 13. Ne2 Rxe2+ 14. Kxe2
Bxc3 15. Rab1 Bxb1 16. Rxb1 c5 17. Rb7 cxd4 18. Bb5 O-O 19. Rxd7 Qf6 20. exd4 e5
21. Qb7 exd4 22. Qe4 Qb6 23. Bd3 Qg6 24. Qe5 Qg7 25. Qxg7+ Kxg7 26. Kf3 h5 27.
g4 h4 28. Ke4 Kf6 29. Rd6+ Ke7 30. Rb6 Rc8 31. Rb5 f6 32. Rb7+ Ke6 33. Bb5 Rc5
34. Bd7+ Kd6 35. Bf5 Be1 36. Rd7+ Kc6 37. Rf7 Bxf2 38. Rxf6+ Kb5 39. Bd7+ Kc4
40. Rxf2 d3 41. Ba4 Kc3 42. Bb3 Rb5 43. Rf8 Rb4+ 44. Kf3 d2 45. Rc8+ Kd3 46.
Bc2+ Kd4 47. Ke2 Ke5 48. Re8+ Kf4 49. Kxd2 Kg3 50. Re2 Rxg4 51. a4 Rd4+ 52. Kc3
Rd5 53. Be4 Re5 54. Kd4 Ra5 55. Bc6 Ra6 56. Kc5 g4 57. Kb5 Ra7 58. a5 Rf7 59. a6
{Black resigns} 1-0

[Event "Team 45 45 League T45"]
[Site "Internet Chess Club"]
[Date "2010.05.27"]
[Round "4"]
[White "SneakyRed"]
[Black "qs16"]
[Result "1-0"]
[WhiteElo "1799"]
[BlackElo "1703"]
[Opening "Sicilian: Alapin's variation (2.c3)"]
[ECO "B22"]
[Time "10:30:45"]
[TimeControl "2700+45"]

1. e4 c5 2. c3 Nf6 3. e5 Nd5 4. Nf3 Nc6 5. Bc4 Nb6 6. Bb3 d6 7. e6 Bxe6 8. Bxe6
fxe6 9. Ng5 Qd7 10. d4 e5 11. dxc5 dxc5 12. Qf3 Nd8 13. O-O Qd5 14. Qg4 Qd7 15.
Qe2 Ne6 16. Rd1 Qc6 17. Qxe5 Nxg5 18. Bxg5 Nd7 19. Qe2 O-O-O 20. b4 h6 21. Be3
e6 22. a4 Bd6 23. Nd2 Nf6 24. Nc4 Nd5 25. Nxd6+ Rxd6 26. Rdc1 Nxe3 27. Qxe3 b6
28. a5 Rhd8 29. axb6 axb6 30. Qe2 Rd3 31. h3 c4 32. Qe5 R3d7 33. b5 Qd5 34. Qe3
Rd6 35. Ra7 Qxb5 36. Ra8+ Kd7 37. Ra7+ Kc8 38. Rxg7 Qf5 39. Qxh6 Qe5 40. Rg3
Rd1+ 41. Rxd1 Rxd1+ 42. Kh2 Kb7 43. Qg7+ Qc7 44. Qxc7+ Kxc7 45. h4 Rd5 46. Rh3
Rd3 47. h5 b5 48. h6 Rd8 49. g4 Rh8 50. g5 Kd7 51. g6 {Black resigns} 1-0

[Event "Team 45 45 League T45"]
[Site "Internet Chess Club"]
[Date "2010.05.29"]
[Round "4"]
[White "kobesarmy"]
[Black "Ser-Enigma"]
[Result "0-1"]
[WhiteElo "1931"]
[BlackElo "2119"]
[Opening "English opening"]
[ECO "A20"]
[Time "12:09:20"]
[TimeControl "2700+45"]

1. c4 e5 2. g3 Nf6 3. Bg2 d5 4. cxd5 Nxd5 5. Nf3 Nc6 6. O-O Be6 7. d4 exd4 8.
Nxd4 Nxd4 9. Qxd4 c6 10. Nc3 Qb6 11. Qa4 Qb4 12. Qxb4 Nxb4 13. Bf4 Rd8 14. Rfd1
Be7 15. a3 Na6 16. b4 O-O 17. b5 Nc5 18. bxc6 bxc6 19. Bxc6 Nb3 20. Rxd8 Rxd8
21. Rd1 Rxd1+ 22. Nxd1 Nd4 23. Bf3 Nxf3+ 24. exf3 Bxa3 25. Kf1 Bb4 26. Ke2 Bc4+
27. Ke3 Bb3 28. Nb2 a5 29. Nd3 Be7 30. Kd4 a4 31. Kc3 Bd5 32. Nb4 Bxf3 33. Bd2
Bf6+ 34. Kc2 Be4+ 35. Kc1 a3 36. Na2 Bb2+ 37. Kd1 Bd5 {White resigns} 0-1

[Event "Team 45 45 League T45"]
[Site "Internet Chess Club"]
[Date "2010.05.28"]
[Round "4"]
[White "Socraticchess"]
[Black "AronT"]
[Result "1-0"]
[WhiteElo "1995"]
[BlackElo "2031"]
[Opening "French: advance, Milner-Barry gambit"]
[ECO "C02"]
[Time "20:02:34"]
[TimeControl "2700+45"]

1. e4 e6 2. d4 d5 3. e5 c5 4. c3 Nc6 5. Nf3 Qb6 6. Bd3 cxd4 7. cxd4 Bd7 8. O-O
Nxd4 9. Nxd4 Qxd4 10. Nc3 a6 11. Qe2 Ne7 12. Kh1 Nc6 13. f4 Nb4 14. Rd1 Nxd3 15.
Rxd3 Qb6 16. f5 Bb5 17. Nxb5 Qxb5 18. fxe6 fxe6 19. a4 Qd7 20. Qg4 Bc5 21. b4
Ba7 22. Rg3 O-O 23. Bh6 Rf7 24. h4 Raf8 25. h5 Bb8 26. Re1 Kh8 27. Bd2 Rf1+ 28.
Kh2 Rxe1 29. Rf3 Bxe5+ 30. g3 Re2+ 31. Kh1 Bf6 32. Rxf6 Rxf6 33. Qxe2 Qxa4 34.
Bc3 Rf8 35. h6 Re8 36. Qg4 Qd7 37. Bxg7+ Kg8 38. Bd4+ Kf8 39. Bc5+ {Black
resigns} 1-0

[Event "Team 45 45 League T45"]
[Site "Internet Chess Club"]
[Date "2010.05.28"]
[Round "4"]
[White "smitty120"]
[Black "WoadRaider"]
[Result "1-0"]
[WhiteElo "1917"]
[BlackElo "1772"]
[Opening "Sicilian: accelerated fianchetto, modern variation with Bc4"]
[ECO "B35"]
[Time "22:52:08"]
[TimeControl "2700+45"]

1. e4 c5 2. Nf3 Nc6 3. d4 cxd4 4. Nxd4 g6 5. Nc3 Bg7 6. Be3 Nf6 7. Bc4 O-O 8.
O-O Ne5 9. Bb3 d6 10. h3 Bd7 11. Qd2 Rc8 12. Bh6 Nc4 13. Bxc4 Rxc4 14. Bxg7 Kxg7
15. Rfe1 Qb6 16. Nb3 a5 17. e5 dxe5 18. Rxe5 a4 19. Na5 Rd4 20. Qe3 Qxb2 21. Rb1
Qxb1+ 22. Nxb1 Rd1+ 23. Kh2 Rxb1 24. Rxe7 Rb5 25. Nc4 Be6 26. Qxe6 {Black
resigns} 1-0

[Event "Team 45 45 League T45"]
[Site "Internet Chess Club"]
[Date "2010.06.01"]
[Round "4"]
[White "cityprosecutor"]
[Black "smsxman"]
[Result "1-0"]
[WhiteElo "1770"]
[BlackElo "1459"]
[Opening "Four knights: Belgrade gambit"]
[ECO "C47"]
[Time "13:57:56"]
[TimeControl "2700+45"]

1. e4 e5 2. Nf3 Nc6 3. Nc3 Nf6 4. d4 exd4 5. Nd5 Nxd5 6. exd5 Nb4 7. Bc4 Qe7+ 8.
Kf1 b5 9. Bb3 c5 10. dxc6 Nxc6 11. Nxd4 Nxd4 12. Qxd4 Ba6 13. Bd2 Qd6 14. Re1+
Kd8 15. Ba5+ Kc8 16. Re8+ Kb7 17. Bd5+ Qxd5 18. Qxd5# {Black checkmated} 1-0

[Event "Team 45 45 League T45"]
[Site "Internet Chess Club"]
[Date "2010.05.30"]
[Round "4"]
[White "dscvdchk"]
[Black "jps7"]
[Result "0-1"]
[WhiteElo "1500"]
[BlackElo "1768"]
[Opening "Queen's gambit declined"]
[ECO "D30"]
[Time "12:01:10"]
[TimeControl "2700+45"]

1. d4 d5 2. c4 e6 3. Nf3 Nf6 4. g3 b6 5. Bg2 Bb7 6. O-O dxc4 7. Qa4+ Nbd7 8.
Qxc4 Bd5 9. Qa4 c5 10. Nc3 Bb7 11. Re1 cxd4 12. Qxd4 Bc5 13. Qd1 O-O 14. e4 Ng4
15. Be3 Nxe3 16. fxe3 Nf6 17. Nd4 e5 18. Nf5 Qxd1 19. Raxd1 Rad8 20. Nd5 Bxd5
21. exd5 g6 22. Nh4 e4 23. Kh1 Nxd5 24. Bxe4 Nxe3 25. Rd3 Ng4 26. Rf3 Nf2+ 27.
Kg2 Nxe4 28. Rxe4 Rd2+ 29. Kh3 Rxb2 30. a4 Bg1 31. Ng2 f5 32. Re7 Rf7 33. Re8+
Kg7 34. Rf1 Bc5 35. Nf4 Kh6 36. Rd1 Ra2 37. Ne6 g5 38. g4 fxg4+ 39. Kxg4 Rxa4+
40. Kg3 Bf2+ 41. Kg2 Bh4 42. Nd4 Ra2+ 43. Kg1 Bf2+ 44. Kh1 Bxd4 {White resigns}
0-1

[Event "Team 45 45 League T45"]
[Site "Internet Chess Club"]
[Date "2010.06.01"]
[Round "4"]
[White "froggoathorse"]
[Black "MichaelJames"]
[Result "1-0"]
[WhiteElo "1725"]
[BlackElo "1347"]
[Opening "Ruy Lopez: Berlin defense, 4.O-O"]
[ECO "C65"]
[Time "16:30:32"]
[TimeControl "2700+45"]

1. e4 e5 2. Nf3 Nc6 3. Bb5 Nf6 4. O-O Bd6 5. c3 a6 6. Ba4 O-O 7. Bc2 b5 8. d4
exd4 9. cxd4 Be7 10. a3 Bb7 11. Qd3 Ng4 12. h3 Nh6 13. Bxh6 gxh6 14. e5 {Black
resigns} 1-0

[Event "Team 45 45 League T45"]
[Site "Internet Chess Club"]
[Date "2010.05.28"]
[Round "4"]
[White "viking99"]
[Black "RedAttack"]
[Result "1/2-1/2"]
[WhiteElo "1851"]
[BlackElo "1977"]
[Opening "Philidor: exchange variation"]
[ECO "C41"]
[Time "22:00:56"]
[TimeControl "2700+45"]

1. e4 e5 2. Nf3 d6 3. d4 exd4 4. Nxd4 Bd7 5. Nc3 Nc6 6. Be3 g6 7. Bc4 Ne5 8. Bb3
Bg7 9. O-O a6 10. f4 Nc6 11. e5 Nge7 12. e6 fxe6 13. Nxe6 Bxe6 14. Bxe6 Rf8 15.
Ne4 d5 16. Nc5 Qd6 17. Bd7+ Kf7 18. Be6+ Ke8 19. Bd7+ {Game drawn by mutual
agreement} 1/2-1/2

[Event "Team 45 45 League T45"]
[Site "Internet Chess Club"]
[Date "2010.05.31"]
[Round "4"]
[White "jjmolina"]
[Black "Kingofknights"]
[Result "1-0"]
[WhiteElo "1751"]
[BlackElo "1669"]
[Opening "Caro-Kann: Steinitz variation"]
[ECO "B17"]
[Time "10:30:10"]
[TimeControl "2700+45"]

1. e4 c6 2. d4 d5 3. Nc3 dxe4 4. Nxe4 Nd7 5. Bc4 e6 6. Nf3 Ngf6 7. Nxf6+ Nxf6 8.
O-O b5 9. Bd3 Bb7 10. Bg5 Be7 11. Re1 Nd5 12. Bxe7 Nxe7 13. c3 O-O 14. Bc2 Nd5
15. Qd3 g6 16. Ne5 Qe7 17. Qg3 Rac8 18. Nd3 a5 19. f4 Qf6 20. Nc5 Rc7 21. Rf1
Qe7 22. Rae1 Qd6 23. Ne4 Qd8 24. Nc5 Bc8 25. Re5 Nf6 26. Bd1 Nd7 27. Nxd7 Qxd7
28. f5 exf5 29. Rexf5 Kh8 30. Qe5+ Kg8 31. Rf6 Qe8 32. Qxc7 Qe3+ 33. Kh1 Bf5 34.
R6xf5 gxf5 35. Qg3+ Qxg3 36. hxg3 Re8 37. Bf3 Re6 38. Kg1 b4 39. Kf2 Kg7 40. Re1
{Black resigns} 1-0

[Event "Team 45 45 League T45"]
[Site "Internet Chess Club"]
[Date "2010.05.29"]
[Round "4"]
[White "DaveTheRook"]
[Black "nityanand"]
[Result "0-1"]
[WhiteElo "1711"]
[BlackElo "1788"]
[Opening "QGD: Tarrasch, Prague variation, Normal position"]
[ECO "D34"]
[Time "15:01:49"]
[TimeControl "2700+45"]

1. d4 d5 2. c4 e6 3. Nc3 c5 4. cxd5 exd5 5. Nf3 Nc6 6. g3 Nf6 7. Bg2 Be7 8. O-O
O-O 9. dxc5 Bxc5 10. Bg5 d4 11. Ne4 Be7 12. Nxf6+ Bxf6 13. Qd2 Bg4 14. Qf4 Bxg5
15. Qxg4 Bf6 16. Rad1 Qb6 17. b3 Rfe8 18. Rfe1 Rad8 19. Qf5 Nb4 20. a3 Na2 21.
Ng5 Bxg5 22. Qxg5 Nc3 23. Rd3 Rxe2 24. Rxe2 Nxe2+ 25. Kf1 Nc3 26. Bxb7 f6 27.
Qd2 Qxb7 28. Rxd4 Qh1# {White checkmated} 0-1

[Event "Team 45 45 League T45"]
[Site "Internet Chess Club"]
[Date "2010.05.29"]
[Round "4"]
[White "Sirian"]
[Black "Ernie1"]
[Result "1-0"]
[WhiteElo "1627"]
[BlackElo "1635"]
[Opening "Caro-Kann: advance variation"]
[ECO "B12"]
[Time "09:05:14"]
[TimeControl "2700+45"]

1. d4 c6 2. e4 d5 3. e5 Bf5 4. g4 Bg6 5. f4 e6 6. Nf3 Be4 7. Nc3 Bb4 8. Bd2 Bxc3
9. Bxc3 Nh6 10. h3 Bxf3 11. Qxf3 Qh4+ 12. Qf2 Qe7 13. O-O-O Nd7 14. Bd3 O-O-O
15. f5 c5 16. dxc5 Nxc5 17. f6 gxf6 18. exf6 Nxd3+ 19. Rxd3 Qd6 20. Qxa7 Qa6 21.
Qc5+ Qc6 22. Qa7 d4 23. Qa8+ Kc7 24. Qa5+ Kb8 25. Qe5+ Kc8 26. Rhd1 dxc3 27.
Rxc3 Rxd1+ 28. Kxd1 Qxc3 29. Qxc3+ Kb8 30. Qe5+ Ka8 31. Qf4 Ng8 32. Qa4+ Kb8 33.
Qe8+ Ka7 34. Qxf7 Nh6 35. Qg7 Rd8+ 36. Kc1 Ng8 37. f7 {Black resigns} 1-0